 Dungeon Crawl Stone Soup version 0.19-a0-1268-g6c5d9f8 (webtiles) character file.

91 Amnesiac the Grave Robber (level 4, 0/30 HPs)
             Began as a Mummy Necromancer on Aug 29, 2016.
             Slain by a giant gecko (1 damage)
             ... on level 4 of the Dungeon.
             The game lasted 00:01:27 (733 turns).

Amnesiac the Grave Robber (Mummy Necromancer)        Turns: 733, Time: 00:01:28

Health: 0/30       AC:  2    Str: 11    XL:     4   Next: 34%
Magic:  0/8        EV: 12    Int: 14    God:
Gold:   41         SH:  0    Dex: 13    Spells: 2 memorised, 4 levels left

rFire  x . .     SeeInvis .     g - +1 whip (venom)
rCold  + . .     Gourm    .     a - +0 robe
rNeg   + + +     Faith    .     (no shield)
rPois  ∞         Spirit   .     (no helmet)
rElec  .         Dismiss  .     (no cloak)
rCorr  .         Reflect  .     (no gloves)
MR     .....     Harm     .     (no boots)
Stlth  ++........               (no amulet)
                                (no ring)
                                (no ring)

@: no status effects
A: no food or potions, fire vulnerability, cold resistance 1, negative energy
resistance 3, torment resistance, unbreathing
a: no special abilities


You were on level 4 of the Dungeon.
You were not hungry.

You visited 2 branches of the dungeon, and saw 5 of its levels.

You collected 41 gold pieces.

Inventory:

Hand Weapons
 g - a +1 whip of venom (weapon)
Armour
 a - a +0 robe (worn)
 f - a +0 buckler
Jewellery
 i - a cursed ring of loudness {unknown}
Scrolls
 c - a scroll of fog {unknown}
 d - a scroll of amnesia {unknown}
 e - a scroll of noise {unknown}
 h - a scroll of identify {unknown}
Books
 b - a book of Necromancy

   Spells                             Type                      Level
   a - Pain                           Necromancy                   1
   b - Animate Skeleton               Necromancy                   1
   c - Vampiric Draining              Necromancy                   3
   d - Regeneration                   Charms/Necromancy            3
   e - Animate Dead                   Necromancy                   4
   f - Control Undead                 Necromancy                   4


   Skills:
 - Level 1.5 Dodging
 - Level 1.5 Stealth
 + Level 2.7 Spellcasting
 * Level 5.4 Necromancy


You had 4 spell levels left.
You knew the following spells:

 Your Spells              Type           Power        Failure   Level  Hunger
f - Vampiric Draining     Necr           ###.......   10%         3    N/A
z - Pain                  Necr           ###.         2%          1    N/A

Dungeon Overview and Level Annotations

Branches:
Dungeon (4/15)             Temple (1/1) D:4

Altars:
Ashenzari
Elyvilon
Gozag
Hepliaklqana
Makhleb
Okawaru
Yredelemnul
Zin
The Shining One
Lugonu


Innate Abilities, Weirdness & Mutations

You do not eat or drink.
Your flesh is vulnerable to fire.
You are immune to poison.
Your flesh is cold resistant. (rC+)
You are immune to negative energy. (rN+++)
You are immune to unholy pain and torment.
You can survive without breathing.


Message History

Casting: Vampiric Draining
Confirm with . or Enter, or press ? or * to list all spells.
Aiming: Vampiric Draining
Press: ? - help, Shift-Dir - straight line, f/p - howler monkey
Aim: a howler monkey (severely wounded, poisoned, catching its breath)
You kill the howler monkey!
You have reached level 4!
You feel life coursing into your body. The giant gecko closely misses you.
Casting: Vampiric Draining
Confirm with . or Enter, or press ? or * to list all spells.
You don't have enough magic to cast that spell.
You hit the giant gecko.
The giant gecko is poisoned.
The giant gecko is moderately wounded.
The giant gecko bites you.
* * * LOW HITPOINT WARNING * * *
You closely miss the giant gecko.
The giant gecko is moderately wounded.
The giant gecko bites you but does no damage.
The giant gecko bites you.
You die...

#..#.##..####.#
#..#.##..# #.#
#....%#..# #.###
###...#.#..####.#.#
##..................
##................#.#
#.........#.#######.#
#........#>..# #.#
#...@....##..# #.#
##.l†..#.###.# #.#
##...##.# .# #.#
..... .## .# #.#
####.###.##.# #.# .#
... .# #.# .# #.# #.#
## #.# #.# ##†## ##.#


You could see a giant gecko.

Vanquished Creatures
  A howler monkey (D:4)
  A worker ant (D:4)
  A hound skeleton (D:4)
  A worm (D:3)
  A dart slug (D:2)
  2 orcs
  2 goblins
  3 hobgoblins
  A giant newt (D:1)
  A kobold (D:1)
  A rat (D:1)
15 creatures vanquished.

Notes
Turn   | Place    | Note
-------+----------+-------------------------------------------
     0 | D:1      | Amnesiac the Mummy Necromancer began the quest for the Orb.
     0 | D:1      | Reached XP level 1. HP: 13/13 MP: 3/3
   429 | D:2      | Reached XP level 2. HP: 19/19 MP: 0/5
   579 | D:4      | Reached XP level 3. HP: 24/24 MP: 6/6
   584 | D:4      | Learned a level 3 spell: Vampiric Draining
   626 | D:4      | Reached skill level 5 in Necromancy
   651 | D:4      | Found a staircase to the Ecumenical Temple.
   658 | Temple   | Entered the Ecumenical Temple
   731 | D:4      | Reached XP level 4. HP: 3/30 MP: 0/8
   732 | D:4      | HP: 1/30 [giant gecko (5)]
   733 | D:4      | Slain by a giant gecko

Vault maps used:
D:1:      lightli_arrival_quake
D:2:      minmay_hexomino_p4
D:3:      grunt_temple_overflow_open, first_bread
D:4:      kennysheep_goblin_castle, nicolae_overflow_crystal_walls,
          serial_shops, nicolae_shop_trees, kennysheep_generic_room_6
Temple:   corrupted_temple

Skill      XL: |  1  2  3 |
---------------+----------+-----
Necromancy     | 5 |  5.4
Dodging        | |  1.5
Stealth        | |  1.5
Spellcasting   | |  2.7

Action                   |  1- 3 |  4- 6 || total
-------------------------+-------+-------++-------
Melee: Whip              |    21 |     2 ||    23
 Cast: Pain              |    18 |       ||    18
       Vampiric Draining |     1 |     1 ||     2
Armor: Robe              |       |     1 ||     1
Dodge: Dodged            |    18 |     1 ||    19
